 Dungeon Crawl Stone Soup version 0.28-a0-407-g69098e2f6d (webtiles) character file.

Game seed: 357222148004730192

84 ytrimaz the Insei (level 4, 0/28 HPs)
             Began as an Octopode Transmuter on Sept 5, 2021.
             Slain by an adder (4 damage)
             ... on level 2 of the Dungeon.
             The game lasted 00:03:37 (2157 turns).

ytrimaz the Insei (Octopode Transmuter)             Turns: 2157, Time: 00:03:37

Health: 0/28       AC:  1    Str: 10    XL:     4   Next: 46%
Magic:  2/7        EV: 13    Int: 15    God:
Gold:   49         SH:  0    Dex: 12    Spells: 3/7 levels left

rFire   x . .      SeeInvis .     - Unarmed
rCold   + . .      Faith    .   (no shield)
rNeg    . . .      Spirit   .   (helmet currently unavailable)
rPois   .          Reflect  .   (no amulet)
rElec   .          Harm     .   a - ring of ice
rCorr   .          Rampage  .   (no ring)
Will    .....                   (no ring)
Stlth   ++........              (no ring)
HPRegen 0.09/turn               (no ring)
MPRegen 0.10/turn               (no ring)
                                (no ring)
                                (no ring)

@: lethally poisoned (0 -> -5), appendages (expiring)
A: tentacle spike 3, almost no armour, amphibious, 8 rings, camouflage 1,
gelatinous body 1, (nimble swimmer 1), tentacles
a: End Transformation


You were on level 2 of the Dungeon.
One of your tentacles had grown a beastly spike.
You visited 1 branch of the dungeon, and saw 3 of its levels.

You collected 49 gold pieces.

Inventory:

Jewellery
 a - a ring of ice (left tentacle)
Scrolls
 b - 2 scrolls of enchant armour
 e - a scroll of identify {unknown}
 f - a scroll of fog {unknown}
Potions
 d - a potion of cancellation {unknown}


   Skills:
 - Level 1.0 Fighting
 + Level 2.4 Dodging
 + Level 4.5 Unarmed Combat
 + Level 2.3 Spellcasting
 + Level 2.2 Transmutations


You had 3 spell levels left.
You knew the following spells:

 Your Spells              Type           Power      Damage    Failure   Level
a - Beastly Appendage     Tmut           16%        N/A       9%          1
b - Spider Form           Tmut/Pois      2%         N/A       38%         3

Your spell library contained the following spells:

 Spells                   Type           Power      Damage    Failure   Level
 Wereblood                Tmut           8%         N/A       13%         2
 Ice Form                 Ice/Tmut       7%         N/A       80%         4


Dungeon Overview and Level Annotations

Branches:
Dungeon (3/15)

Altars:


Innate Abilities, Weirdness & Mutations

One of your tentacles has grown a beastly spike.
You cannot wear most types of armour.
You are amphibious.
You can wear up to eight rings at the same time.
Your skin changes colour to match your surroundings (Stealth+).
Your rubbery body absorbs attacks. (AC +1, EV +1)
((You are camouflaged near water. (Stealth+)))
You have tentacles for arms and can constrict up to eight enemies at once.


Message History

The adder is heavily wounded.
The adder bites you.
You are poisoned.
The adder poisons you!
You closely miss the adder. Your grab misses the adder.
The adder is heavily wounded.
You feel sick. The adder closely misses you.
You tentacle-slap the adder. You grab the adder.
Your tentacle spike misses the adder.
The adder is heavily wounded.
You constrict the adder.
You feel sick. The adder closely misses you.
You tentacle-slap the adder.
You pierce the adder.
You kill the adder!
You feel sick.
You barely miss the rat. You grab the rat.
Your transformation is almost over.
You constrict the rat.
You feel sick. The rat closely misses you.
You tentacle-slap the rat.
You kill the rat!
You feel sick.
You tentacle-slap the adder but do no damage.
Your grab misses the adder.
You feel sick. The adder closely misses you.
You miss the adder. Your grab misses the adder.
You feel sick.
You are no longer poisoned.
The adder misses you. x2
You miss the adder. Your grab misses the adder. You squeeze the adder.
The adder is moderately wounded.
The adder bites you.
* * * LOW HITPOINT WARNING * * *
You feel better. The adder bites you.
* * * LOW HITPOINT WARNING * * *
You are lethally poisoned!
The adder poisons you!
Your magical contamination has completely faded away.
You barely miss the adder. You grab the adder.
The adder is moderately wounded.
You constrict the adder.
* * * LOW HITPOINT WARNING * * *
You feel sick. The adder bites you.
You die...

#.# #.# #.#
#.#########
#.........#
#.........#
#.#
#.........#
..
#.#########
#.##@#
..#S# #.#b#
#.#.# #...#
##..# #..#
#.>..l...
....####.


You could see an adder and a bat.

Vanquished Creatures
  A gnoll (D:1)
  3 adders
  3 dart slugs (D:1)
  8 ball pythons
  2 endoplasms
  2 giant cockroaches
  6 hobgoblins
  A quokka (D:1)
  A frilled lizard (D:1)
  4 goblins (D:1)
  5 kobolds (D:1)
  5 rats
41 creatures vanquished.

Notes
Turn   | Place    | Note
-------+----------+-------------------------------------------
     0 | D:1      | ytrimaz the Octopode Transmuter began the quest for the
                  | Orb.
     0 | D:1      | Reached XP level 1. HP: 13/13 MP: 3/3
   303 | D:1      | Found a faded altar of an unknown god.
   330 | D:1      | Reached XP level 2. HP: 5/18 MP: 5/5
   836 | D:1      | Reached XP level 3. HP: 16/23 MP: 6/6
  1039 | D:1      | Reached skill level 4 in Unarmed Combat
  1676 | D:3      | Reached XP level 4. HP: 19/28 MP: 7/7
  1817 | D:3      | Learned a level 3 spell: Spider Form
  2157 | D:2      | Slain by an adder

Illustrated notes

Levels and vault maps discovered:
D:1:      nagdon_arrival_zigzag_paths, layout_loops_ring, basic_ecumenical_altar
D:2:      layout_basic, basic_altar
D:3:      layout_basic, uniq_ijyb

Skill      XL: |  1  2  3 |
---------------+----------+-----
Unarmed Combat | 4 |  4.5
Fighting       | |  1.0
Dodging        | |  2.4
Spellcasting   | |  2.3
Transmutations | |  2.2

Action                   |  1- 3 |  4- 6 || total
-------------------------+-------+-------++-------
Melee: Unarmed           |    80 |    15 ||    95
       Constrict         |    25 |     4 ||    29
       Tentacles         |    10 |     1 ||    11
       Punch             |     2 |       ||     2
       Kick              |     1 |     1 ||     2
 Cast: Beastly Appendage |     2 |     1 ||     3
  Use: Scroll            |     2 |       ||     2
       Potion            |       |     2 ||     2
 Stab: Sleeping          |     7 |       ||     7
       Distracted        |     1 |       ||     1
Armor: Skin              |     3 |     1 ||     4
Dodge: Dodged            |    55 |    16 ||    71

Table legend: (Time is in decaauts)
 A = Elapsed time spent in this place.
 B = Non-inter-level travel time spent in this place.
 C = Inter-level travel time spent in this place.
 D = Time resting spent in this place.
 E = Time spent auto-exploring this place.
 F = Levels seen in this place.
 G = Mean time per level.
                   A        B        C        D        E       F      G
               +--------+--------+--------+--------+--------+-----+--------+
         Total |   2150 |   2129 |     21 |    373 |   1389 |   3 |  716.7 |
       Dungeon |   2150 |   2129 |     21 |    373 |   1389 |   3 |  716.7 |
               +--------+--------+--------+--------+--------+-----+--------+

Top non-repeatable levels by time:
     D:1: 1323 daAuts
     D:2: 664 daAuts
     D:3: 161 daAuts
